Unix NetHack Version 5.0.0-0 post-release - last build May 23 2026 06:08:33 (1c0ff79ee797540d5714e4e18072db0edd9e58ae,branch:main).

Game began 2026-05-24 04:22:37, ended 2026-05-24 04:29:22.

ArrBianca, chaotic female elven Priestess

         -----------         -----
         |..........#        |...|                        ---------------
        #..........|#        |<...##########              |.............|
        #|.........|#        |...|         # --------    #..............|
        #-----------#        |...|         ##..{....|    #|.............|
        #           #        -.---           |......|    #|.............|
        #           #                        |....>.|    #..............|
        d           #                        |......| ####-----------.---
        @           ###                      |......| ####           #
        #           ##                       |.......##              #
        #            #                       -------- #          #####
        #            ###                        0######          #
        #              #                       ##                #
        #              #                      ##               --.-------
        #              # -------.-            #                |........|
  ------#              # |.......|            #                |........|
  |[...|)              # |.......|  0##########                |........|
  |[)?.-#              ##-.)......###                          |.......>|
  ------                 ------#--                             ----------

ArrBianca the Acolyte        St:10 Dx:11 Co:12 In:10 Wi:20 Ch:12  Chaotic
Dlvl:3  $:35 HP:0(27) Pw:31(44) AC:7  Xp:3 T:1028 

Latest messages:
 You hit the werejackal.
 The werejackal wields a cursed axe!
 The axe welds itself to the werejackal's hand!
 You hit the werejackal.
 The werejackal changes into a jackal.
 The werejackal drops a cursed axe.
 The werejackal bites!
 You hit the werejackal!
 The werejackal bites!
 You hit the werejackal.
 The werejackal bites!
 Are you sure you want to pray? [yn] (n) y
 You begin praying to Manannan Mac Lir.
 You are surrounded by a shimmering light.
 The werejackal starts to attack you, but pulls back.
 The werejackal starts to attack you, but pulls back.
 The werejackal starts to attack you, but pulls back.
 You finish your prayer.
 You feel that Manannan Mac Lir is well-pleased.
 You feel much better.
 You feel purified.
 You miss the werejackal.
 The werejackal just misses!
 The werejackal changes into a human.
 You hit the werejackal.
 The werejackal hits!
 You miss the werejackal.
 The werejackal hits!
 You hit the werejackal!
 The werejackal hits!
 The small mimic hits!
 What do you want to write with? [- akosu or ?*] -
 You write in the dust with your fingertip.
 What do you want to write in the dust here? Elbereth
 The werejackal changes into a jackal.
 The werejackal turns to flee.
 The small mimic turns to flee.
 You see here a cursed axe.
 What do you want to use or apply? [g-imwx or ?*] f
 Sorry, I don't know how to use that.
 What do you want to throw? [$u or ?*] ?
 What do you want to throw? [$u or ?*] *
 In what direction? k
 The sprig of wolfsbane misses the werejackal.
 The werejackal bites!
 You hit the werejackal!
 The werejackal bites!
 You avoid harm.
 You die...
 Do you want your possessions identified? [ynq] (y) q

Inventory:
 Coins    ('$')
  $ - 35 gold pieces
 Weapons  (')')
  u - a +0 elven bow
  a - a blessed +1 mace (weapon in right hand)
 Armor    ('[')
  c - a +0 small shield (being worn)
  b - a +0 robe (being worn)
 Comestibles  ('%')
  e - a clove of garlic
  t - a food ration
  n - 2 lichen corpses
 Scrolls  ('?')
  q - a scroll of charging
  p - a scroll of light
 Spellbooks  ('+')
  h - a spellbook of identify
  g - a spellbook of light
 Potions  ('!')
  l - a potion of gain energy
  d - 4 potions of holy water
 Rings    ('=')
  k - a +1 ring of increase accuracy (on left hand)
  s - a ring of warning
 Tools    ('(')
  i - a tooled horn
  m - a crystal ball (0:5)
  x - a skeleton key
  w - a tin whistle
 Gems/Stones  ('*')
  o - a garnet stone

ArrBianca the Priestess's attributes:

Background:
 You were an Acolyte, a level 3 elven Priestess.
 You were chaotic, on a mission for Manannan Mac Lir
 who was opposed by Lugh (lawful) and Brigit (neutral).
 You were right-handed.
 You were in the Dungeons of Doom, on level 3.
 You entered the dungeon 1028 turns ago.
 It was nighttime.
 You had 48 experience points, 32 more were needed to attain level 4.

Basics:
 You had 0 out of 27 hit points.
 You had 31 out of 44 energy points (spell power).
 Your armor class was 7.
 Your wallet contained 35 zorkmids.
 Autopickup was on for '$?!/="+%' plus thrown, with exceptions.

Final Characteristics:
 Your strength was 10 (limit:18).
 Your dexterity was 11 (limit:18).
 Your constitution was 12 (limit:16).
 Your intelligence was 10 (limit:20).
 Your wisdom was 20 (limit:20).
 Your charisma was 12 (limit:18).

Final Status:
 You weren't hungry.
 You were unencumbered.
 You were wielding a mace.
 You had basic skill with mace.

Final Attributes:
 You were devoutly aligned.
 You had infravision.
 You had a small bonus to hit (+1).
 You were guarded.
 Your spell casting was enhanced by wearing a robe.
 You are dead.

Miscellaneous:
 You didn't encounter any bones levels.
 Total elapsed playing time was 6 minutes and 45 seconds.

Major events:
 Turn
    1: ArrBianca the chaotic elven Priestess entered the dungeon
  908: attained the rank of Acolyte (level 3)
 1028: killed by a werejackal

Spells:
 Name                 Level Category     Fail Retention
 light                  1   clerical       0%  91%-100%
 identify               3   divination    55%  76%-100%

Skills:
 Fighting Skills
   bare handed combat [Unskilled]
 Weapon Skills
   club               [Unskilled]
   mace               [Basic]
   morning star       [Unskilled]
   flail              [Unskilled]
   hammer             [Unskilled]
   quarterstaff       [Unskilled]
   polearms           [Unskilled]
   spear              [Unskilled]
   trident            [Unskilled]
   lance              [Unskilled]
   bow                [Unskilled]
   sling              [Unskilled]
   crossbow           [Unskilled]
   dart               [Unskilled]
   shuriken           [Unskilled]
   boomerang          [Unskilled]
   unicorn horn       [Unskilled]
 Spellcasting Skills
   healing spells     [Unskilled]
   divination spells  [Unskilled]
   clerical spells    [Basic]

Voluntary challenges:
 Character rerolling was not enabled.
 You never had a pet.
 You never genocided any monsters.
 You never polymorphed an object.
 You never changed form.
 You used no wishes.
Achievements:
 You entered a shop.
 You attained the rank of Acolyte.

 The Dungeons of Doom: levels 1 to 3
    Level 1:
       An altar to Manannan Mac Lir.
    Level 2:
       A general store, a fountain, a grave.
    Level 3: <- You were here.
       A general store, a fountain.
       Final resting place for
          you, killed by a werejackal.


Vanquished creatures:
 an iguana
  a yellow mold
  3 jackals
  a fox
  a kobold
  2 sewer rats
  3 grid bugs
  4 lichens
  a kobold zombie
  5 newts
22 creatures vanquished.

No species were genocided or became extinct.

Game over:
                       ----------
                      /          \
                     /    REST    \
                    /      IN      \
                   /     PEACE      \
                  /                  \
                  |    ArrBianca     |
                  |      35 Au       |
                  |   killed by a    |
                  |    werejackal    |
                  |                  |
                  |                  |
                  |       2026       |
                 *|     *  *  *      | *
        _________)/\\_//(\/(/\)/\//\/|_)_______

Goodbye ArrBianca the Priestess...

You died in The Dungeons of Doom on dungeon level 3 with 334 points,
and 35 pieces of gold, after 1028 moves.
You were level 3 with a maximum of 27 hit points when you died.

